 Dungeon Crawl Stone Soup version 0.24.0-123-gd5b16e6ec5 (webtiles) character file.

Game seed: 13206760341562404012, levelgen mode: deterministic

2016 Elellon the Cleaver (level 9, -4/74 HPs)
             Began as a Hill Orc Fighter on Jan 2, 2020.
             Was a Believer of Okawaru.
             Slain by a killer bee (6 damage)
             ... on level 7 of the Dungeon on Jan 3, 2020.
             The game lasted 00:14:54 (6376 turns).

Elellon the Cleaver (Hill Orc Fighter)              Turns: 6376, Time: 00:14:55

Health: -4/74      AC: 10    Str: 25    XL:     9   Next: 23%
Magic:  9/9        EV:  7    Int:  8    God:    Okawaru [**....]
Gold:   436        SH: 10    Dex: 10    Spells: 8/8 levels left

rFire    . . .     SeeInvis .   a - +0 war axe
rCold    . . .     Gourm    .   c - +0 shield
rNeg     . . .     Faith    .   b - +0 scale mail
rPois    .         Spirit   .   (no helmet)
rElec    .         Reflect  .   r - scarf {repulsion}
rCorr    .         Harm     .   k - +2 pair of gloves {Str+3}
MR       .....                  (no boots)
Stlth    ++........             (no amulet)
HPRegen  0.22/turn              (no ring)
MPRegen  0.11/turn              (no ring)

@: lethally poisoned (-4 -> -23), repel missiles
A: no striking features
a: Heroism, Renounce Religion


You were on level 7 of the Dungeon.
You worshipped Okawaru.
Okawaru was pleased with you.
You were very hungry.

You visited 2 branches of the dungeon, and saw 8 of its levels.
You also visited: Ossuary.

You collected 436 gold pieces.

Inventory:

Hand Weapons
 a - a +0 war axe (weapon)
Missiles
 g - 25 poisoned darts (quivered)
Armour
 b - a +0 scale mail (worn)
 c - a +0 shield (worn)
 k - a +2 pair of gloves of strength (worn)
 r - a scarf of repulsion (worn)
 t - a +0 plate armour
Jewellery
 p - a +3 ring of slaying
Wands
 G - a wand of flame (10)
 H - a wand of iceblast (8)
Scrolls
 h - 3 scrolls of immolation {unknown}
 j - 2 scrolls of noise {unknown}
 m - 5 scrolls of teleportation {unknown}
 o - 5 scrolls of identify
 q - 3 scrolls of magic mapping {unknown}
 s - 4 scrolls of remove curse
 x - 2 scrolls of fear {unknown}
 y - 2 scrolls of enchant armour {unknown}
 A - 3 scrolls of amnesia {unknown}
 B - a scroll of fog {unknown}
 D - a scroll of silence {unknown}
 F - 3 scrolls of enchant weapon {unknown}
 J - a scroll of random uselessness {unknown}
Potions
 d - a potion of might
 e - 2 potions of brilliance
 i - a potion of agility
 n - 3 potions of haste
 u - 2 potions of lignification
 v - 4 potions of curing
 w - a potion of cancellation {unknown}
 z - 3 potions of mutation
 C - a potion of invisibility {unknown}
 E - 2 potions of flight
Comestibles
 f - 14 rations


   Skills:
 + Level 5.0 Fighting
 * Level 10.4 Axes
 + Level 4.3 Armour
 - Level 0.2 Dodging
 - Level 6.8 Stealth
 + Level 4.1 Shields
 + Level 0.1 Invocations


You had 8 spell levels left.
You didn't know any spells.
Your spell library was empty.

Dungeon Overview and Level Annotations

Branches:
Dungeon (7/15)             Temple (1/1) D:4         Ossuary (visited)

Altars:
Cheibriados
Dithmenos
Elyvilon
Fedhas
Gozag
Kikubaaqudgha
Makhleb
Nemelex Xobeh
Okawaru
Qazlal
Ru
Uskayaw
Vehumet
Wu Jian
Xom
Yredelemnul
Zin
The Shining One


Message History

You block the killer bee's attack. The killer bee stings you.
* * * LOW HITPOINT WARNING * * *
The killer bee stings you!
* * * LOW HITPOINT WARNING * * *
You block the killer bee's attack.
You barely miss the killer bee.
The killer bee is severely wounded.
You slash the killer bee!
You kill the killer bee!
Okawaru accepts your kill.
You barely miss the killer bee.
* * * LOW HITPOINT WARNING * * *
You feel sick. The killer bee closely misses you.
You block the killer bee's attack. The killer bee stings you.
* * * LOW HITPOINT WARNING * * *
* * * LOW HITPOINT WARNING * * *
You feel sick. You block the killer bee's attack. The killer bee stings you.
* * * LOW HITPOINT WARNING * * *
The killer bee stings you.
You die...

#.......)....
##.......#()).
###+###........#.)..
#.....#........#.... #...
#.....#........#....
#.....#.....#........#....
#.....+.....#........#....
#....# #.yy##........#####
##....####@##.....#'###....
#........y.y#.....#...#....
+...........'.....#...#....
#...........#.....#...#....
##...!.###'##.....#...#....
##.....##....)....#...##'#.
+.......#.........#......#.
#.......#.........#......#.
#.......#.........#......#.


You could see 4 killer bees.

Vanquished Creatures
  An ice beast (D:5)
  A sky beast (D:7)
  2 phantoms
  4 ogres
  2 centaurs (D:7)
  2 big kobolds (D:6)
  An elf zombie (Ossuary)
  A scorpion (D:4)
  A water moccasin skeleton (D:7)
  2 killer bees (D:7)
  2 crimson imps (D:5)
  A quasit (D:6)
  A jelly (D:7)
  2 hounds
  An orc priest (D:7)
  An orc wizard (D:3)
  3 iguanas
  5 worker ants
  A hound zombie (D:4)
  3 mummies (Ossuary)
  3 gnolls (D:5)
  8 adders
  An ooze (D:3)
  5 adder zombies
  4 worms
  A dart slug (D:2)
  5 leopard geckos
  15 orcs
  A bat zombie (D:5)
  7 giant cockroaches
  A gnoll zombie (Ossuary)
  6 goblins
  7 hobgoblins
  17 jackals
  3 quokkas
  3 bats
  9 frilled lizards
  4 goblin zombies
  A hobgoblin zombie (Ossuary)
  11 kobolds
  3 kobold zombies (Ossuary)
  A leopard gecko zombie (D:3)
  An orc zombie (Ossuary)
  4 quokka zombies
  6 rats
  6 rat zombies
170 creatures vanquished.

Notes
Turn   | Place    | Note
-------+----------+-------------------------------------------
     0 | D:1      | Elellon the Hill Orc Fighter began the quest for the Orb.
     0 | D:1      | Reached XP level 1. HP: 19/19 MP: 1/1
   131 | D:1      | Reached skill level 3 in Axes
   463 | D:1      | Reached XP level 2. HP: 22/26 MP: 2/2
   677 | D:1      | Reached skill level 4 in Axes
   876 | D:2      | Found a sparkling altar of Nemelex Xobeh.
   942 | D:2      | Reached XP level 3. HP: 25/31 MP: 3/3
  1215 | D:2      | Reached skill level 5 in Axes
  1342 | D:2      | Reached skill level 1 in Stealth
  1353 | D:2      | Reached XP level 4. HP: 36/39 MP: 4/4
  1656 | D:3      | Reached XP level 5. HP: 33/45 MP: 5/5
  1997 | D:3      | Found a burning altar of Makhleb.
  2278 | D:3      | Found a white marble altar of Elyvilon.
  2547 | D:4      | Reached XP level 6. HP: 51/51 MP: 6/6
  2584 | D:4      | Found a staircase to the Ecumenical Temple.
  2622 | Temple   | Entered the Ecumenical Temple
  2865 | Temple   | Became a worshipper of Warmaster Okawaru
  2941 | D:4      | Reached skill level 5 in Stealth
  3055 | D:4      | Reached XP level 7. HP: 4/57 MP: 7/7
  3844 | D:5      | Entered Level 5 of the Dungeon
  4104 | D:5      | Found a sand-covered staircase.
  4111 | Ossuary  | Entered an ossuary
  4121 | Ossuary  | Reached * piety under Okawaru
  4468 | D:5      | Reached skill level 6 in Axes
  4468 | D:5      | Reached XP level 8. HP: 37/66 MP: 8/8
  4604 | D:5      | Found an ancient bone altar of Kikubaaqudgha.
  4764 | D:5      | Found a shadowy altar of Dithmenos.
  5098 | D:6      | Reached skill level 7 in Axes
  5335 | D:6      | Found an ornate altar of the Wu Jian Council.
  5433 | D:6      | Found a glowing silver altar of Zin.
  5434 | D:6      | Found an opulent altar of Gozag.
  5567 | D:6      | Found a stormy altar of Qazlal.
  5630 | D:6      | Reached skill level 8 in Axes
  5918 | D:7      | Reached skill level 9 in Axes
  5943 | D:7      | Reached XP level 9. HP: 59/72 MP: 9/9
  5981 | D:7      | Reached ** piety under Okawaru
  5981 | D:7      | Reached skill level 10 in Axes
  6367 | D:7      | Reached skill level 5 in Fighting
  6373 | D:7      | HP: 3/74 [killer bee (2)]
  6373 | D:7      | HP: 1/74 [killer bee (2)]
  6376 | D:7      | Slain by a killer bee

Levels and vault maps discovered:
D:1:      nzn_arrival_settlement, layout_loops_corners, minmay_pentomino_w2
D:2:      layout_loops_ring, nemelex_xobeh_ov_fountains_minmay, first_ration,
          st_stairs_3
D:3:      layout_basic, lemuel_doored_altar, makhleb_blood_cavern_becter
D:4:      layout_loops_corners, minmay_temple_entry_ruins
D:5:      layout_loops_ring, marbit_many_paths,
          lemuel_zombie_altar_kikubaaqudgha, enter_ossuary_4
D:6:      cheibrodos_thug_alley, layout_rooms,
          grunt_temple_overflow_gold_and_silver, overflow_temple_1_default,
          lemuel_round_altar
D:7:      layout_gridville
Temple:   compressed_dpeg_triangle_lava_temple

Skill      XL: |  1  2  3  4  5  6  7  8  9 |
---------------+----------------------------+-----
Axes           | 3 4 5 6 9 10 | 10.4
Stealth        | 1 2 4 5 6 |  6.8
Fighting       | 4 5 |  5.0
Armour         | 4 |  4.3
Shields        | 4 |  4.1
Dodging        | |  0.2
Invocations    | |  0.1

Action                   |  1- 3 |  4- 6 |  7- 9 || total
-------------------------+-------+-------+-------++-------
Melee: War axe           |    92 |   151 |   316 ||   559
Throw: Dart              |     1 |       |       ||     1
Invok: Heroism           |       |       |     2 ||     2
  Use: Scroll            |       |       |    10 ||    10
       Potion            |       |       |     1 ||     1
 Stab: Distracted        |       |     1 |       ||     1
       Sleeping          |       |       |     5 ||     5
  Eat: Chunk             |     2 |     5 |    10 ||    17
Armor: Scale mail        |    56 |    80 |   153 ||   289
Dodge: Dodged            |    40 |    58 |   121 ||   219
       Deflected         |       |     1 |       ||     1
Block: Shield            |    40 |    65 |   169 ||   274
